 Dungeon Crawl Stone Soup version 0.21.1-1-g345015fe64 (webtiles) character file.

716818 Peloso the Minotaur Barricade (level 27, -7/273 HPs)
             Began as a Minotaur Fighter on July 25, 2018.
             Was the Champion of Okawaru.
             Killed from afar by a black draconian (23 damage)
             ... with a bolt of lightning
             ... on level 4 of the Realm of Zot on July 26, 2018.
             The game lasted 05:22:03 (101545 turns).

Peloso the Minotaur Barricade (Minotaur Fighter)  Turns: 101545, Time: 05:22:03

Health: -7/273     AC: 48    Str: 39    XL:     27
Magic:  31/31      EV: 15    Int: 16    God:    Okawaru [******]
Gold:   4588       SH: 24    Dex: 19    Spells: 27/27 levels left

rFire    + . .     SeeInvis +   X - +10 demon blade of the Lurker {venom, Fragile rPois Str-2 Int+9}
rCold    + . .     Gourm    .   y - +0 shield {reflect}
rNeg     . . .     Faith    .   b - +12 gold dragon scales
rPois    +         Spirit   .   V - +2 hat
rElec    .         Reflect  +   Y - +2 cloak of Makhleb's Scorn {Str+5}
rCorr    +         Harm     .   R - +2 pair of gloves {Str+3}
MR       +++..                  S - +1 pair of boots of Music {Dex+3}
Stlth    ..........             G - amulet "Xivir" {Reflect MR+ Dex+2 SH+3 SInv}
HPRegen  0.55/turn              J - ring of resist corrosion
MPRegen  0.22/turn              a - ring "Nifoasay" {+Fly Str+3 Int+2}

@: lethally poisoned (-7 -> -8), heroism, corroded
A: retaliatory headbutt, horns 2, sense surroundings 1, wild magic 1
}: 4/15 runes: barnacled, slimy, silver, gossamer
a: Heroism, Finesse, Renounce Religion, Evoke Flight


You were on level 4 of the Realm of Zot.
You worshipped Okawaru.
Okawaru was exalted by your worship.
You were hungry.

You visited 12 branches of the dungeon, and saw 57 of its levels.
You visited 2 bazaars.
You also visited: Labyrinth and Ice Cave.

You collected 7926 gold pieces.
You spent 3338 gold pieces at shops.

Inventory:

Hand Weapons
 j - a +9 double sword of freezing
 q - the +9 long sword of Somewhere Else {drain, +Blink Str+2}
   (You bought it in a shop in a bazaar)

   A truly terrible weapon, it drains the life of those it strikes.
   It affects your strength (+2).
   It lets you blink.
 L - a +5 demon blade of flaming
 X - the +10 demon blade of the Lurker (weapon) {venom, Fragile rPois Str-2 Int+9}
   (Okawaru gifted it to you on level 3 of the Shoals)

   It poisons the flesh of those it strikes.
   It affects your strength (-2).
   It affects your intelligence (+9).
   It protects you from poison.
   It will be destroyed if unequipped.
Armour
 b - +12 gold dragon scales (worn)
 d - +0 gold dragon scales
 y - a +0 shield of reflection (worn)
 H - a +2 pair of gloves
 R - a +2 pair of gloves of strength (worn)
 S - the +1 pair of boots of Music (worn) {Dex+3}
   (Okawaru gifted it to you on level 2 of the Spider Nest)

   It affects your dexterity (+3).
 V - a +2 hat (worn)
 Y - the +2 cloak of Makhleb's Scorn (worn) {Str+5}
   (You bought it in a shop on level 4 of the Shoals)

   It affects your strength (+5).
Jewellery
 a - the ring "Nifoasay" (right hand) {+Fly Str+3 Int+2}
   (You acquired it on level 1 of the Lair of Beasts)

   [ring of strength]

   It affects your strength (+3).
   It affects your intelligence (+2).
   It lets you fly.
 c - the ring of Heuloteb {AC+5 Dex+2 Stlth+}
   (You acquired it on level 1 of the Lair of Beasts)

   [ring of protection]

   It affects your AC (+5).
   It affects your dexterity (+2).
   It makes you more stealthy.
 l - an uncursed amulet of the gourmand
 G - the amulet "Xivir" (around neck) {Reflect MR+ Dex+2 SH+3 SInv}
   (You found it on level 4 of the Depths)

   [amulet of reflection]

   It shields you and reflects attacks.
   It affects your dexterity (+2).
   It affects your resistance to hostile enchantments.
   It lets you see invisible.
   It affects your SH (+3).
 J - a ring of resist corrosion (left hand)
Wands
 i - a wand of paralysis (5)
Scrolls
 g - 16 scrolls of identify
 n - 16 scrolls of teleportation
 o - a scroll of enchant weapon
 u - a scroll of silence
 w - 10 scrolls of fear
 x - 2 scrolls of summoning
 A - 2 scrolls of noise
 D - 14 scrolls of magic mapping
 E - 23 scrolls of remove curse
 K - 3 scrolls of holy word
 P - 14 scrolls of blinking
Potions
 e - 2 potions of haste
 h - 22 potions of curing
 k - a potion of mutation
 m - 2 potions of flight
 p - 8 potions of agility
 r - 2 potions of resistance
 s - a potion of berserk rage
 t - 2 potions of brilliance
 v - a potion of cancellation
 z - 2 potions of might
 F - 4 potions of invisibility
Comestibles
 f - 107 rations


   Skills:
 O Level 27 Fighting
 O Level 27 Long Blades
   Level 5.1(10.1) Axes
 + Level 1.1(6.1) Throwing
 O Level 27 Armour
 + Level 4.0(9.0) Dodging
 + Level 13.7(18.7) Stealth
 O Level 27 Shields
 + Level 1.2(6.2) Unarmed Combat
 + Level 0.6 Spellcasting
 + Level 12.1 Invocations
 + Level 2.8 Evocations


You had 27 spell levels left.
You didn't know any spells.

Dungeon Overview and Level Annotations

Branches:
Dungeon (15/15)            Temple (1/1) D:6            Lair (6/6) D:9
 Shoals (4/4) Lair:3       Spider (4/4) Lair:4        Slime (5/5) Lair:5
    Orc (2/2) D:11            Elf (3/3) Orc:2        Vaults (5/5) D:13
  Crypt (3/3) Vaults:2       Tomb (0/3) Crypt:3      Depths (5/5) D:15
    Zot (4/5) Depths:5

Altars:
Ashenzari
Cheibriados
Dithmenos
Elyvilon
Fedhas
Gozag
Hepliaklqana
Kikubaaqudgha
Makhleb
Nemelex Xobeh
Okawaru
Qazlal
Ru
Sif Muna
Uskayaw
Vehumet
Xom
Yredelemnul
Zin
The Shining One
Beogh
Jiyva

Shops:
D:5 :!?   D:6 *   D:7 *(%   D:9 *   D:10 (   D:12 *   Orc:2 }!*:   Shoals:4 [
Vaults:2 :   Vaults:5 [   Depths:1 *

Portals:
Hell: Lair:6 Depths:1 Depths:2 Depths:3 Depths:4 Depths:5
Abyss: Depths:4
Pandemonium: Depths:3
Ziggurat: Depths:3

Annotations:
D:3 Natasha
D:14 exclusion: Roxanne, Roxanne


Innate Abilities, Weirdness & Mutations

You reflexively headbutt those who attack you in melee.
You have a pair of horns on your head.
You passively map a small area around you.
Your spells are a little harder to cast, but a little more powerful.


Message History

The black draconian is heavily wounded.
Unknown command.
You slash the black draconian!
The black draconian looks as sick as possible!
Your headbutt misses the black draconian.
The black draconian is heavily wounded.
You feel sick.
The black draconian hits you with a halberd of venom.
* * * LOW HITPOINT WARNING * * *
You slash the black draconian!
The black draconian looks as sick as possible!
The black draconian is severely wounded.
Unknown command.
You hit the black draconian.
The black draconian looks as sick as possible!
The black draconian is severely wounded.
You feel sick.
The black draconian breathes lightning at you.
The bolt of lightning hits you!
You die...

.# ##..## ,
.############...# #...<..#
... ................#
#......##..#
................#
..........#
................##
*#.........#
.................#
#.(.....!.#
.#############...#
#.........#* ## ##..##
#.)........ # #.@.#
#.d)....... #
##.d####..[.......*
#..............!.
##.........#.....
#############....
#####[..........######
###8...................#
###..#.....................
##....#.....#########....[..


You could see a black draconian.

Vanquished Creatures
  the Royal Jelly (Slime:5)
  2 orbs of fire
  Mara (Depths:1)
  3 ancient liches
  3 juggernauts
  Boris (twice) (Vaults:2 Depths:4)
  Sojobo (Vaults:4)
  Saint Roka (Depths:2)
  Frederick (Depths:3)
  Margery (Vaults:4)
  Bai Suzhen (Depths:3)
  4 caustic shrikes
  2 curse toes
  16 golden dragons
  Jory (Depths:5)
  3 bone dragons
  the Enchantress (Depths:1)
  18 tentacled monstrosities
  7 liches
  2 deep elf blademasters
  4 titans
  7 quicksilver dragons
  A deep elf master archer (Elf:3)
  19 acid blobs
  3 sphinxes
  A kraken (Shoals:4)
  Agnes (D:14)
  The ghost of Ulv the Fencer, an adept BaFi of Okawaru (Shoals:4)
  7 death cobs
  11 shadow dragons
  8 tengu reavers
  Ilsuiw (Shoals:4)
  11 storm dragons
  9 azure jellies
  5 draconian monks
  The ghost of SWATDuck the Severer, a journeyman DDFi of Makhleb (Elf:1)
  A revenant (Crypt:2)
  15 fire giants
  7 ghost moths
  21 vault wardens
  6 emperor scorpions
  An orc warlord (Orc:2)
  8 deep elf elementalists
  3 draconian knights
  Aizul (Elf:1)
  9 frost giants
  A draconian scorcher (Depths:5)
  4 iron dragons
  13 deep elf sorcerers
  3 ghouls (Crypt:1)
  3 curse skulls
  3 draconian stormcallers (Zot:2)
  The ghost of Snarbu88 the Warrior, a journeyman GrFi of the Shining One (D:15)
  2 draconian annihilators
  13 ironheart preservers
  4 draconian shifters
  29 very ugly things
  5 green draconians
  6 spriggan defenders
  4 war gargoyles
  17 stone giants
  5 vampire knights
  5 deep elf demonologists
  A lorocyproca (Depths:3)
  3 entropy weavers
  12 purple draconians
  9 black draconians
  Nessos (Orc:2)
  7 yellow draconians
  6 white draconians
  5 red draconians
  2 spark wasps
  A crystal guardian (Vaults:4)
  3 merfolk javelineers
  9 deep elf annihilators
  2 eidola (Crypt:1)
  The ghost of Naridas the Grappler, a journeyman TrEE of Ru (Orc:1)
  8 deep elf death magi
  16 ettins
  10 fire dragons
  14 merfolk impalers
  10 death oozes
  11 great orbs of eyes
  8 jiangshi
  9 deep elf high priests
  A minotaur (Lab)
  32 vault guards
  Josephine (D:14)
  Fannar (Orc:1)
  20 yaktaur captains
  A monstrous demonspawn (Depths:3)
  6 ice dragons
  9 rakshasas
  9 hydras
  8 merfolk aquamancers
  A quicksilver dragon skeleton (Crypt:1)
  An alligator snapping turtle (Shoals:4)
  56 two-headed ogres
  4 death knights
  The ghost of kalosz4 the Protected, a novice MiGl of Xom (D:9)
  2 merfolk avatars
  13 centaur warriors
  33 dancing weapons
  7 deep troll shamans
  An anaconda (Lair:5)
  5 spriggan air magi
  10 death yaks
  3 tengu warriors
  13 deep troll earth magi
  A satyr (Shoals:1)
  22 ogre magi
  A titan zombie (Crypt:3)
  5 vampire magi
  Urug (Lair:3)
  30 deep elf knights
  5 orc high priests
  8 spriggan berserkers
  3 soul eaters
  A shock serpent (shapeshifter) (D:13)
  2 storm dragon zombies
  29 hell knights
  An iron troll (Depths:1)
  A sun demon (Depths:3)
  3 salamander mystics (Depths:4)
  A sixfirhy (Lair:6)
  38 skeletal warriors
  4 unseen horrors
  4 shadow wraiths
  An anaconda zombie (Crypt:3)
  7 flayed ghosts
  A kraken simulacrum (Shoals:4)
  2 unseen horrors (shapeshifter)
  20 ironbrand convokers
  A death drake (shapeshifter) (Vaults:5)
  14 sea snakes
  22 deep trolls
  2 glowing orange brains
  12 phantasmal warriors
  17 deep elf archers
  10 wizards
  15 harpies
  5 wolf spider zombies
  7 necromancers
  20 orc knights
  64 deep elf magi
  7 orc sorcerers
  45 wolf spiders
  A harpy (shapeshifter) (Vaults:1)
  A shadow dragon skeleton (Crypt:1)
  An anaconda skeleton (Crypt:3)
  4 shining eyes
  A tengu skeleton (Vaults:2)
  39 ugly things
  19 orb spiders
  7 salamanders
  3 stone giant zombies
  5 cyclopes
  4 fauns
  A faun (shapeshifter) (Depths:5)
  19 moths of wrath
  11 manticores
  5 human skeletons (Vaults:2)
  10 water nymphs
  2 fire giant skeletons
  2 frost giant skeletons
  A sphinx skeleton (Vaults:2)
  A guardian serpent (D:11)
  8 merfolk sirens
  2 guardian serpents (shapeshifter)
  6 black mambas
  A dire elephant zombie (Crypt:3)
  2 eyes of devastation (Slime:4)
  An orange demon (Lair:6)
  A naga mage (Depths:2)
  8 elephants
  An ice statue (IceCv)
  14 vault sentinels
  A torpor snail (Spider:2)
  5 centaur zombies
  4 spiny frogs
  An emperor scorpion zombie (Crypt:3)
  A smoke demon (Crypt:3)
  4 gargoyles (Crypt:3)
  7 rime drakes
  A yaktaur zombie (Vaults:5)
  An alligator snapping turtle zombie (Crypt:1)
  2 yaktaurs (shapeshifter)
  58 yaktaurs
  4 kobold demonologists
  A rime drake (shapeshifter) (Vaults:1)
  14 freezing wraiths
  A komodo dragon (shapeshifter) (Depths:2)
  3 komodo dragons
  2 spark wasp simulacra (Depths:3)
  15 demonic crawlers
  A hellwing (Lair:6)
  3 ice devils (Lair:6)
  3 red devils
  A yaktaur skeleton (Vaults:2)
  14 trolls
  2 queen bees (shapeshifter)
  3 meliai (D:14)
  8 tengu conjurers
  10 wind drakes
  A wind drake (shapeshifter) (Vaults:3)
  36 jumping spiders
  34 merfolk
  A polar bear (shapeshifter) (Depths:1)
  A hornet (shapeshifter) (D:13)
  A queen bee (Lair:1)
  A moth of wrath zombie (Crypt:1)
  A dream sheep (shapeshifter) (Depths:4)
  2 wolf spider simulacra
  An ice dragon zombie (Crypt:3)
  13 hornets
  14 blink frogs
  9 snapping turtles
  A hydra skeleton (Crypt:3)
  4 polar bears
  Grinder (D:6)
  89 slime creatures
  A death drake skeleton (Crypt:2)
  A harpy skeleton (Crypt:3)
  A minotaur skeleton (Crypt:2)
  An ettin zombie (Vaults:5)
  A frost giant simulacrum (Crypt:1)
  7 dream sheep (Lair:4)
  5 centaur simulacra
  53 redbacks
  15 water elementals
  9 spriggans
  8 air elementals
  11 hippogriffs
  27 tarantellas
  4 wyverns
  An alligator skeleton (Crypt:3)
  11 wraiths
  43 yaks
  7 vampires
  4 shadows
  A wyvern (shapeshifter) (Elf:2)
  A human (D:9)
  4 basilisks
  Eustachio (D:6)
  A fire elemental (Elf:2)
  2 hungry ghosts (Crypt:3)
  A hog (shapeshifter) (Vaults:4)
  The ghost of Ablot the Charmwright, an amateur GnSk (D:4)
  4 hogs (D:9)
  2 neqoxecs (Depths:3)
  A golden eye (shapeshifter) (Vaults:4)
  A death yak simulacrum (IceCv)
  A warg (shapeshifter) (Vaults:2)
  13 wargs
  A swamp worm (shapeshifter) (Vaults:4)
  3 acid dragons
  A soldier ant (shapeshifter) (D:15)
  5 hell hounds (Lair:6)
  10 porcupines
  24 water moccasins
  68 orc warriors
  A torturous demonspawn skeleton (Crypt:2)
  A snapping turtle zombie (Crypt:3)
  11 ice beasts
  8 sky beasts
  5 black bears
  A hornet zombie (Crypt:1)
  An eye of draining (shapeshifter) (Vaults:3)
  An elephant zombie (Crypt:1)
  45 ogres
  3 necrophages
  2 phantoms
  2 eyes of draining
  10 centaurs
  11 boggarts
  17 wolves
  17 crocodiles
  An orc skeleton (Vaults:2)
  2 big kobolds
  19 bullfrogs
  7 earth elementals
  A wyvern zombie (D:8)
  An elf skeleton (Crypt:3)
  A wyvern skeleton (D:14)
  A cyclops skeleton (Crypt:2)
  37 killer bees
  2 scorpions
  An elephant simulacrum (IceCv)
  7 wights
  A howler monkey (shapeshifter) (Vaults:3)
  7 electric eels
  6 draconian simulacra (IceCv)
  A bullfrog zombie (Crypt:1)
  4 crimson imps
  6 hounds
  A quasit (D:8)
  4 bullfrog skeletons
  33 orc priests
  5 centaur skeletons
  3 jellies
  Crazy Yiuf (D:6)
  A human zombie (Crypt:3)
  14 worker ants
  A black bear skeleton (Crypt:2)
  An iguana (D:10)
  32 orc wizards
  3 spriggan simulacra
  7 troll simulacra (IceCv)
  A wolf simulacrum (IceCv)
  A bullfrog simulacrum (D:13)
  A felid skeleton (Crypt:1)
  A naga skeleton (Crypt:2)
  A hound zombie (D:7)
  A worker ant zombie (D:7)
  A howler monkey skeleton (D:5)
  12 gnolls
  An ogre simulacrum (IceCv)
  8 adders
  2 naga simulacra (IceCv)
  3 shadow imps
  15 white imps
  An ooze (D:2)
  A halfling zombie (Crypt:1)
  2 worms
  An adder zombie (D:8)
  A lava snake skeleton (Crypt:1)
  2 dart slugs
  3 leopard geckos
  136 orcs
  2 ball pythons (D:3)
  11 bats
  5 giant cockroaches
  11 goblins
  11 hobgoblins
  13 jackals
  15 kobolds
  3 quokkas
  A frilled lizard (D:2)
  A hobgoblin zombie (Crypt:2)
  A jackal skeleton (D:4)
  A leopard gecko skeleton (Crypt:1)
  7 rats
  A river rat zombie (Crypt:2)
  2 crawling corpses (Vaults:4)
  A fungus (Lair:1)
  3 plants
  3 tentacles (Shoals:4)
2720 creatures vanquished.

Vanquished Creatures (others)
  A deep elf master archer (Elf:3)
  A draconian knight (Zot:3)
  A stone giant (Depths:4)
  2 merfolk javelineers (Shoals:4)
  A yaktaur captain (Depths:5)
  A centaur warrior (Vaults:1)
  A merfolk aquamancer (Shoals:4)
  A deep elf knight (Elf:2)
  5 deep elf archers
  A faun (Shoals:1)
  A salamander (Depths:4)
  8 yaktaurs
  A tarantella (Spider:4)
  A warg (Vaults:4)
  2 orc warriors
  A boggart (Depths:1)
  An orc wizard (Vaults:4)
  2 orcs
  3 bushes
  10 fungi
  33 plants
  8 tentacles (Shoals:4)
86 creatures vanquished.

Grand Total: 2806 creatures vanquished

Notes
Turn   | Place    | Note
-------+----------+-------------------------------------------
     0 | D:1      | Peloso the Minotaur Fighter began the quest for the Orb.
     0 | D:1      | Reached XP level 1. HP: 19/19 MP: 0/0
   143 | D:1      | Reached XP level 2. HP: 27/27 MP: 1/1
   275 | D:1      | Reached XP level 3. HP: 33/33 MP: 2/2
   848 | D:2      | Reached XP level 4. HP: 37/40 MP: 3/3
  1606 | D:3      | Reached XP level 5. HP: 26/46 MP: 4/4
  1717 | D:3      | Reached skill level 5 in Long Blades
  1723 | D:3      | Found a burning altar of Makhleb.
  1776 | D:3      | Noticed Natasha
  1777 | D:3      | Found a snail-covered altar of Cheibriados.
  1886 | D:3      | Found a sacrificial altar of Ru.
  2043 | D:4      | Noticed Ablot's ghost (amateur GnSk)
  2049 | D:4      | Killed Ablot's ghost
  2049 | D:4      | Reached skill level 5 in Shields
  2049 | D:4      | Reached XP level 6. HP: 47/53 MP: 5/5
  2281 | D:4      | Found a stormy altar of Qazlal.
  2417 | D:5      | Entered Level 5 of the Dungeon
  2443 | D:5      | Found Liucwuah's Book Boutique.
  2673 | D:5      | Reached XP level 7. HP: 56/60 MP: 6/6
  2806 | D:5      | Found Mehiv's Magic Scroll Shoppe.
  2819 | D:5      | Reached skill level 5 in Armour
  2820 | D:5      | Found Gyplib's Distillery.
  2831 | D:5      | Bought a potion of heal wounds for 50 gold pieces
  2831 | D:5      | Bought a potion of curing for 30 gold pieces
  2831 | D:5      | Bought a potion of might for 40 gold pieces
  3176 | D:5      | Found an opulent altar of Gozag.
  3177 | D:5      | Found a glowing silver altar of Zin.
  3221 | D:5      | Got an ichor-stained mace
  3222 | D:5      | Identified the +6 mace of Forgiveness {crush, rPois rC+ Int+3 Dex+3} (You found it on level 5 of the Dungeon)
  3802 | D:6      | Noticed Eustachio
  3831 | D:6      | Killed Eustachio
  3831 | D:6      | Reached skill level 5 in Fighting
  3831 | D:6      | Reached XP level 8. HP: 26/68 MP: 7/7
  4119 | D:6      | Found a staircase to the Ecumenical Temple.
  4123 | D:6      | Noticed Grinder
  4137 | D:6      | Killed Grinder
  4144 | Temple   | Entered the Ecumenical Temple
  4154 | Temple   | Became a worshipper of Warmaster Okawaru
  4315 | D:6      | Found a runed door.
  4319 | D:6      | Noticed Crazy Yiuf
  4324 | D:6      | Killed Crazy Yiuf
  4548 | D:7      | Found Uweplo's General Store.
  4650 | D:6      | Reached skill level 1 in Dodging
  5584 | D:7      | Reached XP level 9. HP: 75/75 MP: 8/8
  5590 | D:7      | Reached * piety under Okawaru
  5996 | D:7      | Found Veacvuh's Food Shop.
  6018 | D:7      | Found Yriav's Antique Weapon Emporium.
  6939 | D:8      | Found a radiant altar of Vehumet.
  6955 | D:8      | Reached ** piety under Okawaru
  7108 | D:8      | Noticed a two-headed ogre
  7166 | D:8      | Reached skill level 10 in Long Blades
  7294 | D:8      | Killed a two-headed ogre
  7294 | D:8      | Reached *** piety under Okawaru
  7294 | D:8      | Reached skill level 10 in Shields
  7887 | D:8      | Reached XP level 10. HP: 65/86 MP: 9/9
  7970 | D:9      | Noticed kalosz4's ghost (novice MiGl)
  8018 | D:9      | Killed kalosz4's ghost
  8018 | D:9      | Received a gift from Okawaru
  8042 | D:9      | Reached skill level 1 in Evocations
  8078 | D:9      | Noticed a death yak
  8079 | D:9      | Noticed a death yak
  8080 | D:9      | Noticed a death yak
  8081 | D:9      | Noticed a death yak
  8081 | D:9      | Noticed a death yak
  8411 | D:8      | Killed a death yak
  8426 | D:8      | HP: 2/88 [death yak (20)]
  8815 | D:8      | Killed a death yak
  8872 | D:8      | Killed a death yak
  8872 | D:8      | Reached **** piety under Okawaru
  9024 | D:8      | Killed a death yak
  9024 | D:8      | Reached skill level 10 in Armour
  9024 | D:8      | Reached skill level 1 in Invocations
  9431 | D:8      | Killed a death yak
  9431 | D:8      | Reached XP level 11. HP: 75/95 MP: 7/10
  9541 | D:9      | Found a staircase to the Lair.
  9548 | D:9      | Noticed a death yak
  9560 | D:9      | Noticed a death yak
  9599 | D:8      | Killed a death yak
  9599 | D:8      | Reached ***** piety under Okawaru
  9728 | D:9      | Killed a death yak
  9768 | D:9      | Found a shadowy altar of Dithmenos.
  9995 | D:9      | Found a shadowy altar of Dithmenos.
 10051 | D:9      | Received a gift from Okawaru
 10066 | D:9      | Got a smoking great sword {god gift}
 10425 | D:9      | Found a glowing golden altar of the Shining One.
 10505 | D:9      | Found Vemnorio's Assorted Antiques.
 10652 | D:9      | Found a shimmering altar of Xom.
 10718 | D:10     | Entered Level 10 of the Dungeon
 10718 | D:10     | Found Uteiph's Antique Weapon Emporium.
 11131 | D:10     | Found a hide-covered altar of Uskayaw.
 12042 | D:11     | Found a staircase to the Orcish Mines.
 12214 | D:11     | Noticed a red ugly thing
 12230 | D:11     | Killed a red ugly thing
 12271 | D:11     | Noticed a two-headed ogre
 12284 | D:11     | Killed a two-headed ogre
 12284 | D:11     | Received a gift from Okawaru
 12842 | Lair:1   | Entered Level 1 of the Lair of Beasts
 13126 | Lair:1   | Reached XP level 12. HP: 79/105 MP: 10/12
 13558 | Lair:1   | Reached skill level 10 in Fighting
 14309 | Lair:2   | Received a gift from Okawaru
 14313 | Lair:2   | Noticed a death yak
 14325 | Lair:2   | Noticed a death yak
 14335 | Lair:2   | Noticed a death yak
 14336 | Lair:2   | Killed a death yak
 14345 | Lair:2   | Killed a death yak
 14374 | Lair:2   | Killed a death yak
 15861 | Lair:3   | Noticed Urug
 15880 | Lair:3   | Killed Urug
 15880 | Lair:3   | Received a gift from Okawaru
 15980 | Lair:3   | Got a scorched battleaxe
 16041 | Lair:3   | Reached XP level 13. HP: 61/115 MP: 13/13
 17010 | Lair:3   | Found a staircase to the Shoals.
 17656 | D:12     | Found Joeskob's Pet Rocks.
 17684 | D:12     | Found a labyrinth entrance.
 17700 | Lab      | Entered a labyrinth
 17846 | Lab      | Noticed a minotaur
 17875 | Lab      | Killed a minotaur
 18397 | Lab      | Got a warped demon blade {pain}
 18398 | Lab      | Identified the cursed +3 demon blade of Evolution {pain, rF+++ rC- Int+2 Stlth+} (You took it off a minotaur in a labyrinth)
 19182 | D:13     | Reached skill level 15 in Shields
 19242 | D:13     | Reached skill level 1 in Axes
 19633 | D:13     | Reached ****** piety under Okawaru
 19693 | D:13     | Received a gift from Okawaru
 19817 | D:13     | Found a gate to the Vaults.
 20088 | D:13     | Got a faintly glowing plate armour
 20099 | D:13     | Identified the +9 plate armour of the Evening {*Slow rC+ Dex+2} (You found it on level 13 of the Dungeon)
 20478 | Lair:4   | Reached XP level 14. HP: 101/126 MP: 14/14
 21037 | Lair:4   | Found a hole to the Spider Nest.
 21419 | Lair:5   | Reached skill level 15 in Long Blades
 21523 | Lair:5   | Found a staircase to the Slime Pits.
 21741 | Lair:5   | Received a gift from Okawaru
 22551 | Lair:6   | Entered Level 6 of the Lair of Beasts
 23092 | Lair:6   | Received a gift from Okawaru
 23104 | Lair:6   | Identified a scroll of acquirement
 23332 | Lair:6   | Found a burning altar of Makhleb.
 23390 | Lair:6   | Reached skill level 5 in Axes
 23756 | Lair:6   | Found a gateway to Hell.
 24218 | Orc:1    | Entered Level 1 of the Orcish Mines
 24218 | Orc:1    | Noticed Fannar
 24232 | Orc:1    | Killed Fannar
 24640 | Orc:1    | Received a gift from Okawaru
 24750 | Orc:2    | Entered Level 2 of the Orcish Mines
 25317 | Orc:1    | Noticed Naridas's ghost (journeyman TrEE)
 25609 | Orc:1    | Killed Naridas's ghost
 25609 | Orc:1    | Reached XP level 15. HP: 130/136 MP: 12/15
 25735 | Orc:2    | Found a roughly hewn altar of Beogh.
 25782 | Orc:2    | Noticed Nessos
 25835 | Orc:2    | Killed Nessos
 26120 | Orc:2    | Found Jacvyimp's Book Boutique.
 26125 | Orc:2    | Received a gift from Okawaru
 26137 | Orc:2    | Found Keam's General Store.
 26157 | Orc:2    | Bought a scroll of identify for 32 gold pieces
 26375 | Orc:2    | Noticed an orc warlord
 26403 | Orc:2    | Killed an orc warlord
 26578 | Orc:2    | Found Ummul's Distillery.
 26975 | Orc:2    | Found Soxyfel's Gadget Shop.
 26994 | Orc:2    | Found a roughly hewn altar of Beogh.
 27719 | Orc:2    | Got a polished great sword
 27774 | Orc:2    | Found a staircase to the Elven Halls.
 28113 | Orc:2    | Bought a scroll of identify for 32 gold pieces
 28269 | Orc:2    | Bought a potion of curing for 36 gold pieces
 28269 | Orc:2    | Bought a potion of heal wounds for 60 gold pieces
 28629 | D:5      | Bought a scroll of blinking for 97 gold pieces
 28629 | D:5      | Bought a scroll of enchant weapon for 97 gold pieces
 28629 | D:5      | Bought a scroll of enchant weapon for 97 gold pieces
 28637 | D:5      | Bought a potion of invisibility for 80 gold pieces
 28744 | D:7      | Bought a scroll of identify for 26 gold pieces
 28744 | D:7      | Bought a scroll of magic mapping for 45 gold pieces
 28744 | D:7      | Bought a scroll of enchant weapon for 97 gold pieces
 28917 | D:14     | Received a gift from Okawaru
 29166 | D:14     | Found an opulent altar of Gozag.
 29330 | D:14     | Noticed Agnes
 29343 | D:14     | Killed Agnes
 29356 | D:14     | Noticed Roxanne
 29877 | D:14     | Noticed Josephine
 29888 | D:14     | Killed Josephine
 29953 | D:14     | Reached skill level 15 in Armour
 30579 | D:15     | Entered Level 15 of the Dungeon
 30826 | D:15     | Found a frozen archway.
 30827 | D:15     | Noticed Snarbu88's ghost (journeyman GrFi)
 30877 | D:15     | Killed Snarbu88's ghost
 30877 | D:15     | Received a gift from Okawaru
 30887 | IceCv    | Entered an ice cave
 31112 | IceCv    | Found an ancient bone altar of Kikubaaqudgha.
 31838 | D:15     | Reached XP level 16. HP: 124/147 MP: 16/16
 32212 | D:15     | Found a staircase to the Depths.
 32269 | D:15     | Found a runed door.
 32285 | D:15     | Received a gift from Okawaru
 32346 | D:15     | Got an iridescent glaive
 32364 | D:15     | Reached skill level 15 in Fighting
 33707 | D:7      | Bought a cursed ring of poison resistance for 221 gold pieces
 33844 | Spider:1 | Entered Level 1 of the Spider Nest
 35804 | Shoals:1 | Entered Level 1 of the Shoals
 36340 | Shoals:1 | Received a gift from Okawaru
 36366 | Shoals:1 | Got a transparent hat {god gift}
 36373 | Shoals:1 | Identified the +3 hat "Dyrase" {rPois Dex-3 SInv} (Okawaru gifted it to you on level 1 of the Shoals)
 37762 | Shoals:2 | Found a runed door.
 39270 | Spider:2 | Reached XP level 17. HP: 102/158 MP: 17/17
 39882 | Spider:2 | Received a gift from Okawaru
 39891 | Spider:2 | Got a pair of heavily runed boots {god gift}
 39902 | Spider:2 | Identified the +1 pair of boots of Music {Dex+3} (Okawaru gifted it to you on level 2 of the Spider Nest)
 41604 | Spider:4 | Entered Level 4 of the Spider Nest
 43556 | Spider:4 | Reached skill level 1 in Stealth
 43574 | Spider:4 | Received a gift from Okawaru
 43930 | Spider:4 | Got a gossamer rune of Zot
 45650 | Shoals:4 | Entered Level 4 of the Shoals
 45661 | Shoals:4 | Reached XP level 18. HP: 164/168 MP: 18/18
 46034 | Shoals:4 | Found Iwuczi's Armour Emporium.
 46051 | Shoals:3 | Received a gift from Okawaru
 46073 | Shoals:3 | Got a polished demon blade {god gift}
 46075 | Shoals:3 | Identified the +10 demon blade of the Lurker {venom, Fragile rPois Str-2 Int+9} (Okawaru gifted it to you on level 3 of the Shoals)
 46107 | Shoals:4 | Bought the +2 cloak of Makhleb's Scorn {Str+5} for 672 gold pieces
 46454 | Shoals:4 | Noticed Ulv's ghost (adept BaFi)
 46924 | Shoals:4 | Killed Ulv's ghost
 47329 | Shoals:4 | Got a barnacled rune of Zot
 47810 | Shoals:4 | Noticed Ilsuiw
 47826 | Shoals:4 | Received a gift from Okawaru
 47902 | Shoals:4 | Killed Ilsuiw
 48556 | Shoals:4 | Identified Lirchuxt's Grimoire of the Ashen Voyage
 49311 | Vaults:1 | Entered Level 1 of the Vaults
 50735 | Vaults:1 | Received a gift from Okawaru
 50829 | Vaults:1 | Reached XP level 19. HP: 175/179 MP: 19/19
 52103 | Elf:1    | Entered Level 1 of the Elven Halls
 52318 | Elf:1    | Received a gift from Okawaru
 52550 | Elf:1    | Noticed Aizul
 52565 | Elf:1    | Killed Aizul
 52573 | Elf:1    | Noticed SWATDuck's ghost (journeyman DDFi)
 52608 | Elf:1    | Killed SWATDuck's ghost
 53644 | Elf:2    | Found a flickering gateway to a bazaar.
 53654 | Bazaar   | Entered a bazaar
 53691 | Bazaar   | Found Ythruopn's Antique Weapon Emporium.
 53714 | Bazaar   | Found Seoclod's Weapon Shoppe.
 53714 | Bazaar   | Found Ytimp's Antique Weapon Emporium.
 53817 | Bazaar   | Bought the +9 long sword of Somewhere Else {drain, +Blink Str+2} for 556 gold pieces
 54528 | Elf:2    | Found a huge runed gate.
 54528 | Elf:2    | Found a huge runed gate.
 54528 | Elf:2    | Found a huge runed gate.
 54530 | Elf:2    | Found a huge runed gate.
 54540 | Elf:2    | Found a huge runed gate.
 54933 | Elf:2    | Received a gift from Okawaru
 55362 | Elf:2    | Reached XP level 20. HP: 161/189 MP: 21/21
 55823 | Elf:3    | Entered Level 3 of the Elven Halls
 55869 | Elf:3    | Found a flickering gateway to a bazaar.
 55908 | Bazaar   | Entered a bazaar
 55909 | Bazaar   | Found Mackiug's Food Shop.
 55909 | Bazaar   | Found Ropsuj's Weapon Boutique.
 55910 | Bazaar   | Found Mael's General Store.
 55937 | Bazaar   | Found Axaiss's Distillery.
 55945 | Bazaar   | Bought a potion of experience for 600 gold pieces
 55945 | Bazaar   | Bought a potion of heal wounds for 60 gold pieces
 55953 | Bazaar   | Reached skill level 1 in Throwing
 55953 | Bazaar   | Reached skill level 1 in Unarmed Combat
 55953 | Bazaar   | Reached XP level 21. HP: 186/196 MP: 22/22
 55968 | Bazaar   | Bought a potion of heal wounds for 60 gold pieces
 55968 | Bazaar   | Bought a scroll of enchant armour for 90 gold pieces
 56448 | Elf:3    | Received a gift from Okawaru
 57294 | Elf:3    | Received a gift from Okawaru
 57306 | Elf:3    | Got a brightly glowing falchion {god gift}
 57676 | Elf:3    | Identified the +1 falchion of the Blowfly {speed, rN+ Int+2} (Okawaru gifted it to you on level 3 of the Elven Halls)
 58274 | Elf:3    | Received a gift from Okawaru
 59146 | Elf:3    | Got a dazzling falchion {elec}
 59147 | Elf:3    | Identified the cursed +2 falchion of Uqosu {elec, +Rage Int+3} (You took it off a deep elf sorcerer on level 3 of the Elven Halls)
 59528 | Elf:3    | Got a dazzling falchion {drain}
 59534 | Elf:3    | Identified the +2 falchion "Leog" {drain, rElec Str+2 Int-4} (You took it off a deep elf death mage on level 3 of the Elven Halls)
 59758 | Elf:3    | Identified the Papyrus of the Helpful Birds
 59765 | Elf:3    | Identified the Reference Book on Arcane Weapons
 60167 | D:9      | Bought an emerald ring for 130 gold pieces
 60167 | D:9      | Bought a cabochon ring for 130 gold pieces
 60612 | Vaults:2 | Found Duhes's Book Boutique.
 60654 | Vaults:2 | Received a gift from Okawaru
 60810 | Vaults:2 | Got a jewelled shield {god gift}
 60816 | Vaults:2 | Identified the -7 shield "Telafyrr" {rPois} (Okawaru gifted it to you on level 2 of the Vaults)
 61241 | Vaults:2 | Got a jewelled hand crossbow
 61397 | Vaults:2 | Noticed Boris
 61416 | Vaults:2 | Killed Boris
 61416 | Vaults:2 | Reached XP level 22. HP: 181/207 MP: 23/23
 61831 | Vaults:2 | Found a staircase to the Crypt.
 62266 | Vaults:3 | Received a gift from Okawaru
 62267 | Vaults:3 | Found the +4 skin of Zhor {rC+++}
 64143 | Vaults:4 | Identified Beorus's Disquisition on Earthen Evil Magic
 64580 | Vaults:4 | Noticed Margery
 64599 | Vaults:4 | Killed Margery
 64599 | Vaults:4 | Received a gift from Okawaru
 64623 | Vaults:4 | Got a smoking large shield {god gift}
 64629 | Vaults:4 | Identified the +0 large shield "Doic" {rCorr} (Okawaru gifted it to you on level 4 of the Vaults)
 65030 | Vaults:4 | Reached XP level 23. HP: 132/217 MP: 24/24
 65054 | Vaults:4 | Noticed Sojobo
 65066 | Vaults:4 | HP: 1/217 [Sojobo/bolt of lightning (35)]
 65076 | Vaults:4 | Killed Sojobo
 66223 | Vaults:5 | Entered Level 5 of the Vaults
 66406 | Vaults:4 | Reached skill level 27 in Shields
 66640 | Vaults:5 | Received a gift from Okawaru
 67108 | Lair:1   | Identified the +4 hand crossbow of Luxury {velocity, rElec MR+ SInv} (You found it on level 2 of the Vaults)
 68629 | Vaults:4 | Received a gift from Okawaru
 69128 | Vaults:5 | Found Tuliluic's Armour Boutique.
 69135 | Vaults:5 | Got a bound diamond amulet
 69465 | Vaults:5 | Received a gift from Okawaru
 69517 | Vaults:5 | Got an uncursed translucent rapier {pierce}
 69638 | Vaults:5 | Reached XP level 24. HP: 162/231 MP: 24/24
 69923 | Vaults:5 | Received a gift from Okawaru
 70498 | Vaults:5 | Got a jewelled long sword {god gift}
 70499 | Vaults:5 | Identified the +5 long sword of the Hero {drain, Dex+6} (Okawaru gifted it to you on level 5 of the Vaults)
 70500 | Vaults:5 | Identified the amulet of the Jester {RegenMP MR+ SInv Stlth+} (You took it off a yaktaur captain on level 5 of the Vaults)
 70999 | Lair:1   | Got a transparent iron ring
 71000 | Lair:1   | Identified the ring "Nifoasay" {+Fly Str+3 Int+2} (You acquired it on level 1 of the Lair of Beasts)
 71368 | Vaults:5 | Identified Lee's Guide on Ashen Battle Magic
 71491 | Vaults:5 | Got a silver rune of Zot
 71517 | Vaults:5 | Got a translucent chain mail
 71528 | Vaults:5 | Identified the +1 chain mail of the Apprentice {MR+} (You found it on level 5 of the Vaults)
 72429 | Depths:1 | Entered Level 1 of the Depths
 72430 | Depths:1 | Noticed the Enchantress
 72454 | Depths:1 | Killed the Enchantress
 72496 | Depths:1 | Got faerie dragon scales
 72957 | Depths:1 | Found Pefarul's General Store.
 73438 | Depths:1 | Received a gift from Okawaru
 73864 | Depths:1 | Noticed Mara
 73877 | Depths:1 | Noticed Peloso's illusion
 73896 | Depths:1 | Noticed Peloso's illusion
 73904 | Depths:1 | Killed Mara
 74946 | Depths:2 | Noticed Saint Roka
 74959 | Depths:2 | Killed Saint Roka
 75137 | Depths:2 | Received a gift from Okawaru
 75401 | Depths:2 | Identified Sif Muna's Reference Book on the Ensnaring Snowflakes
 75412 | Depths:2 | Identified the Reference Book on the Assistive Arsonist
 75460 | Depths:2 | Found a deep blue altar of Sif Muna.
 75519 | Depths:2 | Identified Defi's Incunabulum of the Mutagenic Voyage
 75562 | Depths:2 | Noticed an ancient lich
 75568 | Depths:2 | Killed an ancient lich
 75583 | Depths:2 | Identified the Papyrus of Virous Moulding
 75585 | Depths:2 | Identified the Papyrus of the Shifting Rocks
 75794 | Depths:2 | Identified Sif Muna's Handbook of Creative Changing
 76645 | Depths:3 | Noticed Bai Suzhen
 76659 | Depths:3 | Killed Bai Suzhen
 76715 | Depths:3 | Reached XP level 25. HP: 171/244 MP: 24/24
 77740 | Depths:3 | Received a gift from Okawaru
 77931 | Depths:3 | Found a gateway to a ziggurat.
 78555 | Depths:3 | Gained mutation: You are dopey. (Int -2) [a neqoxec]
 78562 | Depths:3 | Found a one-way gate leading to the halls of Pandemonium.
 78796 | Depths:3 | Noticed a juggernaut
 78814 | Depths:3 | Killed a juggernaut
 79271 | Depths:3 | Noticed a juggernaut
 79384 | Depths:3 | Killed a juggernaut
 79384 | Depths:3 | Received a gift from Okawaru
 79809 | Depths:4 | Noticed Frederick
 80012 | Depths:3 | Killed Frederick
 80654 | Depths:4 | Reached skill level 5 in Invocations
 80863 | Depths:4 | Found a one-way gate to the infinite horrors of the Abyss.
 81063 | Depths:4 | Noticed a juggernaut
 81074 | Depths:4 | Killed a juggernaut
 81282 | Depths:4 | Found the +2 cloak of the Thief {+Fog Slay-2 SInv Stlth+}
 81290 | Depths:4 | Reached XP level 26. HP: 118/258 MP: 25/25
 81596 | Depths:4 | Noticed Boris
 81612 | Depths:4 | Killed Boris
 81985 | Depths:4 | Got a sparkling ruby amulet
 81986 | Depths:4 | Identified the amulet "Xivir" {Reflect MR+ Dex+2 SH+3 SInv} (You found it on level 4 of the Depths)
 82678 | Depths:5 | Entered Level 5 of the Depths
 84031 | Depths:5 | Received a gift from Okawaru
 85098 | Depths:5 | Found a gate to the Realm of Zot.
 85749 | Depths:5 | Noticed Jory
 85762 | Depths:5 | Killed Jory
 86388 | Crypt:1  | Entered Level 1 of the Crypt
 86404 | Crypt:1  | Received a gift from Okawaru
 88119 | Crypt:2  | Received a gift from Okawaru
 88478 | Crypt:3  | Entered Level 3 of the Crypt
 88576 | Crypt:3  | Reached XP level 27. HP: 235/271 MP: 25/25
 88777 | Crypt:3  | Reached skill level 27 in Fighting
 88896 | Crypt:3  | Found a staircase to the Tomb.
 90048 | Crypt:3  | Found an ancient bone altar of Kikubaaqudgha.
 90081 | Crypt:3  | Reached skill level 27 in Long Blades
 90090 | Crypt:3  | Noticed an ancient lich
 90096 | Crypt:3  | Noticed an ancient lich
 90105 | Crypt:3  | Killed an ancient lich
 90116 | Crypt:3  | Killed an ancient lich
 91043 | Zot:1    | Entered Level 1 of the Realm of Zot
 92550 | Zot:2    | Noticed an orb of fire
 92561 | Zot:2    | Gained mutation: You expend magic power (3 MP) to strengthen your wands. [an orb of fire]
 92565 | Zot:2    | Gained mutation: You are clumsy. (Dex -2) [an orb of fire]
 92583 | Zot:2    | Killed an orb of fire
 92583 | Zot:2    | Reached skill level 27 in Armour
 92910 | Zot:2    | Received a gift from Okawaru
 92920 | Zot:2    | Reached skill level 5 in Stealth
 95623 | Zot:3    | Reached skill level 10 in Stealth
 95637 | Zot:3    | HP: 7/273 [deathcap/drain life[a curse toe] (9)]
 96137 | Zot:3    | Got a heavily runed large shield
 96156 | Zot:3    | Identified the +4 large shield of the Tundras {*Drain rF+ rC+ Regen+} (You found it on level 3 of the Realm of Zot)
 96194 | Zot:3    | Noticed an orb of fire
 96207 | Zot:3    | Gained mutation: Your body sometimes deteriorates upon taking damage. [an orb of fire]
 96213 | Zot:3    | Gained mutation: You tend to lose your temper in combat. [an orb of fire]
 96215 | Zot:3    | Killed an orb of fire
 97263 | Lair:1   | Got a shimmering brass ring
 97264 | Lair:1   | Identified the ring of Heuloteb {AC+5 Dex+2 Stlth+} (You acquired it on level 1 of the Lair of Beasts)
 97357 | Slime:1  | Entered Level 1 of the Pits of Slime
 97385 | Slime:1  | Found a viscous altar of Jiyva.
 97410 | Slime:2  | Received a gift from Okawaru
 97567 | Slime:5  | Entered Level 5 of the Pits of Slime
 97578 | Slime:5  | Received a gift from Okawaru
 97829 | Slime:5  | Gained mutation: Scrolls take you a little longer to read. [a shining eye]
 97852 | Slime:4  | Gained mutation: Your body often deteriorates upon taking damage. [a shining eye]
 98059 | Slime:5  | Noticed the Royal Jelly
 98077 | Slime:5  | Killed the Royal Jelly
 99332 | Slime:5  | Reached skill level 10 in Invocations
 99348 | Slime:5  | Got a clouded platinum ring
 99381 | Slime:5  | Got an iridescent hand crossbow
 99413 | Slime:5  | Got an ichor-stained plate armour
 99415 | Slime:5  | Got a blackened plate armour
 99444 | Slime:5  | Got a slimy rune of Zot
 99445 | Slime:5  | Identified the Handbook of Companions and Augmentations
 99804 | Lair:5   | Identified the ring "Fedi" {Str-4 Dex+6 SInv} (You found it on level 5 of the Pits of Slime)
 99820 | Lair:5   | Identified the +6 plate armour of Tyown {rElec rN++ MR+ Int-5} (You found it on level 5 of the Pits of Slime)
 99830 | Lair:5   | Identified the +7 plate armour of the Albatross {rPois MR+ Slay-4 Stlth+} (You found it on level 5 of the Pits of Slime)
 99844 | Lair:5   | Identified the +1 hand crossbow of Bosaelaff {venom, rElec rF- MP+9 Stlth+} (You found it on level 5 of the Pits of Slime)
100100 | Lair:1   | Lost mutation: You are clumsy. (Dex -2) [potion of mutation]
100100 | Lair:1   | Lost mutation: Your body often deteriorates upon taking damage. [potion of mutation]
100100 | Lair:1   | Lost mutation: Your body sometimes deteriorates upon taking damage. [potion of mutation]
100100 | Lair:1   | Lost mutation: You are dopey. (Int -2) [potion of mutation]
100100 | Lair:1   | Gained mutation: You have a pair of large horns on your head. [potion of mutation]
100101 | Lair:1   | Lost mutation: You tend to lose your temper in combat. [potion of mutation]
100101 | Lair:1   | Lost mutation: You expend magic power (3 MP) to strengthen your wands. [potion of mutation]
100101 | Lair:1   | Lost mutation: Scrolls take you a little longer to read. [potion of mutation]
100101 | Lair:1   | Gained mutation: Scrolls take you a little longer to read. [potion of mutation]
100101 | Lair:1   | Gained mutation: Your spells are a little easier to cast, but a little less powerful. [potion of mutation]
100101 | Lair:1   | Gained mutation: You are covered in fur. (AC +1) [potion of mutation]
100102 | Lair:1   | Lost mutation: Scrolls take you a little longer to read. [potion of mutation]
100102 | Lair:1   | Lost mutation: You are covered in fur. (AC +1) [potion of mutation]
100102 | Lair:1   | Lost mutation: You have a pair of large horns on your head. [potion of mutation]
100102 | Lair:1   | Lost mutation: Your spells are a little easier to cast, but a little less powerful. [potion of mutation]
100102 | Lair:1   | Gained mutation: You are dopey. (Int -2) [potion of mutation]
100102 | Lair:1   | Gained mutation: You are partially covered in molten scales. (AC +2) [potion of mutation]
100103 | Lair:1   | Lost mutation: You are dopey. (Int -2) [potion of mutation]
100103 | Lair:1   | Lost mutation: You are partially covered in molten scales. (AC +2) [potion of mutation]
100103 | Lair:1   | Gained mutation: Your spells are a little harder to cast, but a little more powerful. [potion of mutation]
100103 | Lair:1   | Gained mutation: You passively map a small area around you. [potion of mutation]
100448 | Zot:4    | Received a gift from Okawaru
100559 | Zot:3    | Received a gift from Okawaru
101545 | Zot:4    | Killed from afar by a black draconian

Skill      XL: |  1  2  3  4  5  6  7  8  9 10 11 12 13 14 15 16 17 18 19 20 21 22 23 24 25 26 27 |
---------------+----------------------------------------------------------------------------------+-----
Armour         | 4 6 7 8 10 11 12 13 14 15 16 17 18 19 20 21 22 23 27 | 27.0
Fighting       | 4 5 6 7 8 9 10 12 13 14 15 16 17 18 19 20 22 23 25 26 27 | 27.0
Shields        | 4 5 6 8 10 11 12 14 15 17 18 20 21 22 23 24 25 26 27 | 27.0
Long Blades    | 3 4 6 8 9 10 11 13 14 15 16 17 18 19 20 21 22 24 25 26 27 | 27.0
Dodging        | 1 2 3 4 |  4.0
Evocations     | 1 2 |  2.8
Invocations    | 1 2 3 5 12 | 12.1
Axes           | 3 5 |  5.1
Stealth        | 1 2 13 | 13.7
Throwing       | 1 |  1.1
Unarmed Combat | 1 |  1.2
Spellcasting   | |  0.6

Action                   |  1- 3 |  4- 6 |  7- 9 | 10-12 | 13-15 | 16-18 | 19-21 | 22-24 | 25-27 || total
-------------------------+-------+-------+-------+-------+-------+-------+-------+-------+-------++-------
Melee: Long sword        |    77 |   142 |   323 |       |   166 |       |       |       |       ||   708
       Headbutt          |    14 |    28 |    69 |   229 |   573 |   725 |   317 |   762 |  1111 ||  3828
       Falchion          |       |       |    18 |   968 |   200 |       |       |       |       ||  1186
       Demon blade       |       |       |       |       |  1613 |  2166 |  1045 |  1911 |  2561 ||  9296
       Hand axe          |       |       |       |       |    71 |       |       |       |       ||    71
Invok: Heroism           |       |       |       |    15 |     7 |     7 |     3 |     8 |     7 ||    47
       Finesse           |       |       |       |       |       |       |       |       |     1 ||     1
Evoke: Wand              |       |       |     6 |     1 |    13 |     8 |       |     1 |       ||    29
  Use: Scroll            |       |     8 |     4 |    19 |    10 |    10 |    14 |     7 |    34 ||   106
       Potion            |       |     1 |     2 |     2 |     5 |    10 |     3 |     2 |    11 ||    36
  Eat: Chunk             |       |    14 |    12 |    47 |    49 |   110 |    54 |    66 |   131 ||   483
       Ration            |       |       |       |     1 |       |       |     2 |     1 |     8 ||    12
Armor: Scale mail        |     1 |       |       |       |       |       |       |       |       ||     1
       Plate armour      |    62 |   113 |   239 |   292 |   115 |       |       |       |       ||   821
       Crystal plate arm |       |       |       |       |   966 |  1447 |   343 |   636 |   348 ||  3740
       Gold dragon scale |       |       |       |       |       |       |       |       |   854 ||   854
Dodge: Dodged            |    20 |    40 |    74 |   162 |   396 |   585 |   159 |   281 |   635 ||  2352
Block: Shield            |    57 |    98 |   260 |   510 |  1477 |  2015 |   603 |   112 |  2270 ||  7402
       Reflection        |       |       |       |     1 |       |    59 |    99 |    11 |    83 ||   253
       Large shield      |       |       |       |       |       |       |   257 |  2072 |       ||  2329
       Rpst.: Long sword |     4 |     6 |    17 |       |     4 |       |       |       |       ||    31
       Falchion          |       |       |     2 |    39 |    17 |       |       |       |       ||    58
       Demon blade       |       |       |       |       |    77 |   109 |    38 |    46 |    91 ||   361
